cohdb
Replays
Latest Replays
All Replays
Popular Replays
Top Player Replays
Match Explorer
How It Works
Community
CoH3 Stats
Reddit
Sign in to upload your games and track your stats! →
Sign in with Steam
Match 45525392
Unlisted
Match 45525392
Overview
Messages
Build Orders
End
Royal Engineer Section
Royal Engineer Section
Vickers Machine Gun Team
Construct Section Command Post
Construct Field Infirmary
Dingo Light Scout Car
Construct Platoon Command Post
Unlock M3 Stuart Light Tanks
Selects Valour
Royal Engineer Section
M3 Stuart Light Tank
CMP 15cwt Truck
Selects Gurkha Rifles Section
Unlock Bishop Self-propelled Artillery
Bishop Self-propelled Artillery
6-pounder Anti-tank Gun Team
CMP 15cwt Truck
Vickers Machine Gun Team
Selects Canadian Shock Battlegroup
Selects Indian Artillery Battlegroup
CPU - Standard
DangerouslyDumb
CPU - Standard
Monsieur Nathan
0
0
Comments
sign in to comment!
No comments posted yet!